[Event "Team 45 45 League T58"]
[Site "Internet Chess Club"]
[Date "2013.09.09"]
[Round "3"]
[White "BigH"]
[Black "dmarcolino"]
[Result "1/2-1/2"]
[WhiteElo "2132"]
[BlackElo "1933"]
[Opening "Queen's pawn, Mason variation"]
[ECO "D00"]
[Time "10:55:42"]
[TimeControl "2700+45"]

1. d4 d5 2. Bf4 Nf6 3. e3 c5 4. Nf3 Nc6 5. dxc5 e6 6. c4 Bxc5 7. Nc3 O-O 8. Be2
a6 9. O-O dxc4 10. Bxc4 b5 11. Bd3 Nb4 12. Bb1 Bb7 13. Qe2 Qe7 14. Bg5 h6 15.
Bxf6 Qxf6 16. a3 Bxf3 17. gxf3 Nd5 18. Ne4 Qe7 19. Kh1 Bb6 20. Rg1 g6 21. Ba2
Kh7 22. b4 f5 23. Nd2 Nc3 24. Qd3 Nxa2 25. Rxa2 Rfd8 26. Qe2 e5 27. Rc2 Rac8 28.
Nb3 Rc7 29. Rxc7 Qxc7 30. Rc1 Qd6 31. Qc2 Qd3 32. Qc6 Qxb3 33. Qxb6 Qd5 34. Rc7+
Rd7 35. Rxd7+ Qxd7 36. Qxa6 e4 37. Kg2 exf3+ 38. Kxf3 Qd5+ 39. Ke2 Qa2+ 40. Kf1
Qc4+ 41. Ke1 Qc1+ 42. Ke2 Qc2+ 43. Ke1 Qc1+ 44. Ke2 Qc2+ 45. Ke1 Qc1+ {Game
drawn by repetition} 1/2-1/2

[Event "Team 45 45 League T58"]
[Site "Internet Chess Club"]
[Date "2013.09.07"]
[Round "3"]
[White "jjimalo"]
[Black "TerryMalloy"]
[Result "1/2-1/2"]
[WhiteElo "1946"]
[BlackElo "2023"]
[Opening "Queen's pawn game, Darooha variation "]
[ECO "D02"]
[Time "12:13:35"]
[TimeControl "2700+45"]

1. d4 d5 2. Nf3 Nf6 3. c4 e6 4. g3 Bb4+ 5. Bd2 a5 6. Bg2 dxc4 7. Qc2 Bxd2+ 8.
Nbxd2 b5 9. a4 c6 10. Ne5 Nd5 11. O-O O-O 12. Ne4 f6 13. Nf3 Na6 14. Rfd1 Qe7
15. b3 cxb3 16. Qxb3 b4 17. Rac1 Bb7 18. Nfd2 f5 19. Nc5 Nxc5 20. Rxc5 Nc3 21.
Re1 Qd6 22. e3 Kh8 23. Nc4 Qc7 24. Ne5 Ra6 25. h4 Re8 26. Bf3 g6 {Game drawn by
mutual agreement} 1/2-1/2

[Event "Team 45 45 League T58"]
[Site "Internet Chess Club"]
[Date "2013.09.07"]
[Round "3"]
[White "Grebochess"]
[Black "taylorgang73"]
[Result "1-0"]
[WhiteElo "1709"]
[BlackElo "1798"]
[Opening "Queen's pawn, Mason variation"]
[ECO "D00"]
[Time "16:26:19"]
[TimeControl "2700+45"]

1. d4 d5 2. Bf4 Nf6 3. e3 Bf5 4. c4 e6 5. Nf3 Be7 6. Qb3 Nbd7 7. Nc3 Nb6 8. Nb5
dxc4 9. Bxc4 Nfd5 10. Bg3 c6 11. Bxd5 Nxd5 12. Nc3 Nb4 13. e4 Bg6 14. a3 Nd3+
15. Ke2 e5 16. Kxd3 exd4 17. Ne2 c5 18. Nf4 Rc8 19. Rac1 Qd7 20. Nxg6 hxg6 21.
Ne5 Qe6 22. Qxe6 fxe6 23. Nxg6 Rh6 24. Nxe7 Kxe7 25. Rc4 b5 26. Rc2 Rhh8 27.
Rhc1 Rh5 28. e5 {Black resigns} 1-0

[Event "Team 45 45 League T58"]
[Site "Internet Chess Club"]
[Date "2013.09.09"]
[Round "3"]
[White "WillC"]
[Black "pishd"]
[Result "0-1"]
[WhiteElo "1700"]
[BlackElo "1757"]
[Opening "Réti: Nimzovich-Larsen attack"]
[ECO "A06"]
[Time "06:41:48"]
[TimeControl "2700+45"]

1. Nf3 d5 2. b3 Bg4 3. Bb2 Bxf3 4. exf3 Nf6 5. d4 e6 6. Bd3 Bd6 7. Nd2 Nbd7 8.
O-O c6 9. Re1 Qc7 10. g3 h5 11. c4 h4 12. c5 hxg3 13. cxd6 gxf2+ 14. Kxf2 Rxh2+
15. Kg1 Qxd6 16. Re5 Rh6 17. Re2 O-O-O 18. Rg2 Rdh8 19. Qe2 Nh5 20. Nf1 Nf4 21.
Qd2 Rh1+ 22. Kf2 Nxg2 23. Ng3 R1h2 24. Nf1 Nf4+ {White resigns} 0-1

[Event "Team 45 45 League T58"]
[Site "Internet Chess Club"]
[Date "2013.09.08"]
[Round "3"]
[White "FourKnights"]
[Black "quickmissile"]
[Result "0-1"]
[WhiteElo "1794"]
[BlackElo "1876"]
[Opening "King's Indian defense, 3.Nc3"]
[ECO "E61"]
[Time "13:07:25"]
[TimeControl "2700+45"]

1. d4 Nf6 2. c4 g6 3. Nc3 Bg7 4. g3 O-O 5. Bg2 c6 6. e4 d6 7. Nf3 Be6 8. b3 d5
9. e5 Nfd7 10. c5 b6 11. b4 a5 12. bxa5 bxc5 13. Be3 cxd4 14. Bxd4 c5 15. Be3 d4
16. Nxd4 cxd4 17. Bxa8 dxe3 18. fxe3 Qxa5 19. O-O Bxe5 20. Bg2 Qxc3 {White
resigns} 0-1

[Event "Team 45 45 League T58"]
[Site "Internet Chess Club"]
[Date "2013.09.06"]
[Round "3"]
[White "SugarIslander"]
[Black "BrerRabbit"]
[Result "1-0"]
[WhiteElo "1687"]
[BlackElo "1471"]
[Opening "Old Indian: Tartakower (Wade) variation"]
[ECO "A41"]
[Time "19:02:11"]
[TimeControl "2700+45"]

1. d4 d6 2. Nf3 Bg4 3. e4 Nf6 4. Nc3 c6 5. Be2 e6 6. h3 Bh5 7. g4 Bg6 8. e5 Ne4
9. Nxe4 Bxe4 10. Bd3 Bxd3 11. Qxd3 dxe5 12. Nxe5 Qd5 13. Rg1 Nd7 14. Nxd7 Qxd7
15. Be3 Be7 16. O-O-O O-O 17. g5 g6 18. h4 Rad8 19. Qe2 Qd5 20. Kb1 a6 21. h5
Qb5 22. c4 Qf5+ 23. Ka1 Bd6 24. hxg6 hxg6 25. Rg4 Kg7 26. f4 Rh8 27. d5 Kg8 28.
c5 Bf8 29. d6 Bg7 30. Rg2 Kf8 31. Rh2 Rxh2 32. Qxh2 Kg8 33. Qd2 Qe4 34. Bd4 Bxd4
35. Qxd4 Qxd4 36. Rxd4 Kf8 37. Rd3 Ke8 38. Rh3 Kd7 39. Rh7 Rf8 40. b4 b6 41. Kb2
e5 42. fxe5 Ke6 43. Rh2 bxc5 44. bxc5 Kxe5 45. Re2+ Kd5 46. Rc2 Ke6 47. Kc3 Rh8
48. Re2+ Kf5 49. Rf2+ Kxg5 50. Rxf7 Rd8 51. Kb4 Kh6 52. Ka5 g5 53. Kb6 Kg6 54.
Rf1 Rg8 55. d7 Kh5 56. Kc7 Rg7 57. Kxc6 Rg6+ 58. Kc7 Rg7 59. Kc8 Rg8+ 60. d8=Q
Rxd8+ 61. Kxd8 g4 62. Rg1 Kh4 63. c6 g3 64. c7 Kh3 65. c8=Q+ Kh2 66. Rxg3 Kxg3
67. Qf5 Kg2 68. Qf4 Kh1 69. Qg5 Kh2 70. Ke7 {Black resigns} 1-0

[Event "Team 45 45 League T58"]
[Site "Internet Chess Club"]
[Date "2013.09.09"]
[Round "3"]
[White "bobhill"]
[Black "CaoCao"]
[Result "1/2-1/2"]
[WhiteElo "1937"]
[BlackElo "1831"]
[Opening "Old Benoni defense"]
[ECO "A46"]
[Time "23:13:56"]
[TimeControl "2700+45"]

1. d4 Nf6 2. Nf3 c5 3. d5 e6 4. dxe6 fxe6 5. Bg5 Be7 6. e3 Qb6 7. b3 Nc6 8. Bd3
d5 9. O-O e5 10. Bxf6 Bxf6 11. e4 Bg4 12. Nc3 d4 13. Nd5 Qd8 14. Bc4 a6 15. a4
Rf8 16. Rb1 Qd6 17. Nb6 Rb8 18. Be2 Be6 19. Nd2 Na5 20. Nbc4 Nxc4 21. Nxc4 Qc7
22. Bd3 h6 23. Qe2 Rd8 24. b4 Be7 25. b5 axb5 26. axb5 b6 27. Qh5+ Bf7 28. Qxe5
Qxe5 29. Nxe5 Bd6 30. Nc6 Ra8 31. Ra1 Kd7 32. e5 Bc7 33. f4 Bd5 34. f5 Rxa1 35.
Rxa1 Bxc6 36. bxc6+ Kxc6 37. Be4+ Kd7 38. Ra7 Re8 39. e6+ Kd6 40. g4 Re7 41. h4
Ke5 42. Bf3 Kf6 43. Kg2 h5 44. Ra8 hxg4 45. Bxg4 Ke5 46. Kf3 Kd5 47. Bh3 Be5 48.
Bf1 Bf6 49. h5 Ke5 50. Kg4 Rb7 51. Bg2 Rc7 52. Rb8 c4 53. Rxb6 d3 54. c3 Be7 55.
Rb5+ Rc5 56. Rb7 Kf6 57. Be4 Ra5 58. Rd7 Ra3 59. Bxd3 Rxc3 60. Be4 Re3 61. Kf4
Ra3 62. Rd1 c3 63. Rg1 Bd6+ 64. Kg4 Ra7 65. Kf3 Rc7 66. Bc2 Be5 67. Ke4 Rc4+ 68.
Kd5 Rd4+ 69. Kc6 Rd6+ 70. Kb5 Rd2 71. Be4 Ke7 72. Ra1 Bf6 73. Kc5 c2 74. Rc1 Bb2
75. Rxc2 Rxc2+ 76. Bxc2 Bf6 77. Kd5 Bh4 78. Ke4 Bf6 79. Kf4 Kd6 80. Be4 Ke7 81.
Kg4 Kd6 82. h6 gxh6 83. Kh5 Ke7 84. Kxh6 Ba1 85. Kg6 {Game drawn by mutual
agreement} 1/2-1/2

[Event "Team 45 45 League T58"]
[Site "Internet Chess Club"]
[Date "2013.09.08"]
[Round "3"]
[White "RamRock"]
[Black "Beetlejuice"]
[Result "0-1"]
[WhiteElo "1846"]
[BlackElo "1768"]
[Opening "Sicilian defense"]
[ECO "B20"]
[Time "15:01:02"]
[TimeControl "2700+45"]

1. e4 c5 2. d3 Nc6 3. g3 g6 4. Bg2 Bg7 5. f4 d6 6. Nf3 Nf6 7. O-O Rb8 8. c3 b5
9. h3 O-O 10. Kh2 a5 11. Qe1 Nd7 12. g4 b4 13. Qh4 bxc3 14. bxc3 Ba6 15. Rd1 e6
16. Qxd8 Rfxd8 17. d4 cxd4 18. cxd4 Nc5 19. e5 Nd3 20. Bf1 Nb2 21. Re1 Bxf1 22.
Rxf1 dxe5 23. dxe5 f6 24. Rf2 Nd3 25. Rc2 Ncb4 26. Rc7 Rbc8 27. Rc3 Nxc1 28.
Rxc8 Rxc8 29. Na3 Ncxa2 30. Nb5 fxe5 31. fxe5 Rc5 32. Nd6 Bxe5+ 33. Nxe5 Rxe5
34. Rf1 Nc3 35. Rf7 Nb5 36. Rd7 Rd5 37. Rd8+ Kg7 38. Rd7+ Kf6 39. Ne8+ Ke5 40.
Rxh7 a4 41. Rg7 a3 42. Nc7 Rd2+ 43. Kg3 a2 44. Nxb5 a1=Q 45. Kh4 Kf6 {White
resigns} 0-1

[Event "Team 45 45 League T58"]
[Site "Internet Chess Club"]
[Date "2013.09.06"]
[Round "3"]
[White "mongmong"]
[Black "supermessi"]
[Result "1-0"]
[WhiteElo "1564"]
[BlackElo "1548"]
[Opening "Queen's pawn game"]
[ECO "D02"]
[Time "20:00:12"]
[TimeControl "2700+45"]

1. d4 d5 2. Nf3 c6 3. e3 Nf6 4. Bd3 e6 5. O-O Be7 6. Nbd2 O-O 7. Qe2 Nbd7 8. e4
dxe4 9. Nxe4 Nd5 10. c3 N7f6 11. Re1 b6 12. Nxf6+ Nxf6 13. Bg5 Bb7 14. Bxf6 Bxf6
15. Qe4 g6 16. Ne5 Qc7 17. Qe3 Rad8 18. Rad1 Qe7 19. Be4 Rc8 20. f4 Rfe8 21. Ng4
Bg7 22. Bf3 Qd7 23. Nf2 a5 24. Nd3 Qc7 25. Kh1 Bh6 26. Qe5 Qd8 27. g3 Qd7 28.
Qe2 Bg7 29. Qg2 Re7 30. Ne5 Qe8 31. Nc4 Qd8 32. Rd2 b5 33. Ne5 Qb6 34. Red1 Bxe5
35. dxe5 Ree8 36. Qg1 Red8 37. Qxb6 Rxd2 38. Rxd2 Ba8 39. Rd8+ {Black resigns}
1-0

[Event "Team 45 45 League T58"]
[Site "Internet Chess Club"]
[Date "2013.09.08"]
[Round "3"]
[White "Mitochondria"]
[Black "pcvan"]
[Result "0-1"]
[WhiteElo "1468"]
[BlackElo "1528"]
[Opening "King's Indian: 4.e4"]
[ECO "E70"]
[Time "19:00:21"]
[TimeControl "2700+45"]

1. d4 Nf6 2. c4 g6 3. Nc3 Bg7 4. e4 O-O 5. e5 Ne8 6. Nf3 d6 7. Be3 Nc6 8. exd6
cxd6 9. Qd2 Nf6 10. Bh6 e5 11. Bxg7 Kxg7 12. dxe5 Re8 13. O-O-O Nxe5 14. Nxe5
Rxe5 15. Bd3 Bf5 16. Bxf5 Rxf5 17. f3 Rc5 18. b3 Rc6 19. Nd5 b5 20. Nb4 Rc7 21.
Qxd6 Qxd6 22. Rxd6 bxc4 23. Kb2 c3+ 24. Kc2 Rac8 25. Nd5 Rc6 26. Rxc6 Rxc6 27.
Nxf6 Kxf6 28. Re1 h5 29. Re3 g5 30. Rxc3 Rxc3+ 31. Kxc3 Ke5 32. Kc4 f5 33. Kb5
g4 34. fxg4 hxg4 35. Ka6 f4 36. b4 f3 {White resigns} 0-1

[Event "Team 45 45 League T58"]
[Site "Internet Chess Club"]
[Date "2013.09.06"]
[Round "3"]
[White "Visin"]
[Black "AlPearson"]
[Result "1/2-1/2"]
[WhiteElo "1314"]
[BlackElo "1386"]
[Opening "Van't Kruijs opening"]
[ECO "A00"]
[Time "08:07:09"]
[TimeControl "2700+45"]

1. e3 e5 2. g3 Nf6 3. Bg2 d5 4. d3 Bg4 5. Bf3 Qd7 6. b3 Bb4+ 7. Bd2 Nc6 8. a3
Ba5 9. Bxa5 Nxa5 10. Nd2 O-O 11. Ne2 Rab8 12. b4 Nc6 13. c4 Rfd8 14. c5 e4 15.
dxe4 Bxf3 16. Nxf3 Qg4 17. Ned4 dxe4 18. Nh4 Nxd4 19. exd4 Rd5 20. Qxg4 Nxg4 21.
f3 exf3 22. Nxf3 Re8+ 23. Kd2 f5 24. Rae1 Re4 25. Kc3 h6 26. Rxe4 fxe4 27. Ne1
Rd8 28. h3 Nf2 29. Rh2 Nd1+ 30. Kc4 Kf7 31. Re2 e3 32. Ng2 Re8 33. h4 Kg6 34.
Kd3 Nf2+ 35. Kc3 Nd1+ 36. Kc2 Nf2 37. Rxe3 Rf8 38. Nf4+ Kf7 39. Re2 Ng4 40. d5
Nf6 41. d6 cxd6 42. cxd6 Rc8+ 43. Kb3 Rc6 44. Re7+ Kf8 45. Ng6+ Kg8 46. Rxb7
Rxd6 47. Ne7+ Kf8 48. Ng6+ Kg8 49. Ne5 Rd5 50. Re7 Kf8 51. Ng6+ Kg8 52. Nf4 Rd7
53. Rxd7 Nxd7 54. a4 Kf7 55. Kc4 Ke7 56. g4 Kd6 57. g5 Kc6 58. b5+ Kb6 59. Kb4
a6 60. Nd5+ Kb7 61. gxh6 gxh6 62. h5 axb5 63. axb5 Ne5 64. Ne3 Nd3+ 65. Kc4 Nf4
66. Nf5 Nxh5 67. Kc5 Nf6 68. Nxh6 Ne4+ 69. Kb4 Kb6 70. Nf5 Nc3 71. Kxc3 Kxb5
{Game drawn because neither player has mating material} 1/2-1/2

[Event "Team 45 45 League T58"]
[Site "Internet Chess Club"]
[Date "2013.09.09"]
[Round "3"]
[White "artspir"]
[Black "rgadoury"]
[Result "1/2-1/2"]
[WhiteElo "1138"]
[BlackElo "1203"]
[Opening "Queen's bishop game"]
[ECO "D02"]
[Time "16:02:31"]
[TimeControl "2700+45"]

1. d4 d5 2. Nf3 Nf6 3. Bf4 e6 4. h3 Be7 5. e3 O-O 6. Bd3 Nbd7 7. O-O c5 8. c3 c4
9. Bc2 Qb6 10. b3 cxb3 11. axb3 Ne4 12. Qd3 Ndf6 13. Nbd2 Qc6 14. c4 Nxd2 15.
Nxd2 g6 16. Nf3 Re8 17. Ne5 Qb6 18. c5 Qd8 19. f3 Nd7 20. b4 Nxe5 21. Bxe5 f6
22. Bh2 Bd7 23. f4 f5 24. Rf3 a6 25. g4 Bb5 26. Qd2 Bh4 {Game drawn by mutual
agreement} 1/2-1/2

[Event "Team 45 45 League T58"]
[Site "Internet Chess Club"]
[Date "2013.09.07"]
[Round "3"]
[White "divy7"]
[Black "PaulRichard"]
[Result "1/2-1/2"]
[WhiteElo "1658"]
[BlackElo "1570"]
[Opening "French: exchange variation"]
[ECO "C01"]
[Time "15:31:07"]
[TimeControl "2700+45"]

1. e4 e6 2. d4 d5 3. exd5 exd5 4. Bf4 Nf6 5. Bd3 Nc6 6. Nf3 Bg4 7. c3 h6 8. Nbd2
Bd6 9. Bxd6 Qxd6 10. h3 Be6 11. Qe2 O-O 12. O-O Rfe8 13. Qd1 a5 14. Re1 Ne7 15.
Ne5 Bf5 16. Ndf3 Bxd3 17. Qxd3 Ne4 18. Nd2 Nxd2 19. Qxd2 Ng6 20. Nxg6 Qxg6 21.
Kf1 Kf8 22. Rad1 Qd6 23. Kg1 Rxe1+ 24. Rxe1 Re8 25. Rxe8+ Kxe8 26. Qe3+ Kf8 27.
Qe5 {Game drawn by mutual agreement} 1/2-1/2

[Event "Team 45 45 League T58"]
[Site "Internet Chess Club"]
[Date "2013.09.06"]
[Round "3"]
[White "seattleblues"]
[Black "MateMaster"]
[Result "1-0"]
[WhiteElo "1481"]
[BlackElo "1557"]
[Opening "Queen's pawn game, Krause variation"]
[ECO "D02"]
[Time "16:07:09"]
[TimeControl "2700+45"]

1. d4 d5 2. Nf3 c5 3. Bf4 Nc6 4. e3 Bf5 5. c3 Nf6 6. Be2 e6 7. Nh4 Bxb1 8. Rxb1
c4 9. Nf3 b5 10. Bg5 Be7 11. Nd2 O-O 12. Qc2 a5 13. Bf3 b4 14. e4 a4 15. exd5
exd5 16. O-O a3 17. Nxc4 dxc4 18. Bxc6 Ra6 19. Bb5 b3 20. axb3 Ra5 21. bxc4 a2
22. Ra1 Qa8 23. Rfe1 Re8 24. Bxe8 Qxe8 25. b3 Rxg5 26. Rxa2 Qc6 27. d5 Qb7 28.
Rea1 g6 29. Ra7 Qb6 30. Rxe7 Ng4 31. h3 Ne5 32. Qe2 Qf6 33. Re8+ Kg7 34. Kf1 Qf4
35. Qe3 Qf5 36. Re1 Nd3 37. Qd4+ Kh6 38. R1e2 Nf4 39. R8e5 Qb1+ 40. Re1 Qc2 41.
Qxf4 Qd3+ 42. R5e2 f5 43. h4 Kg7 44. Qxg5 Kf7 45. Qe7+ Kg8 46. d6 Qh3 47. Qe8+
Kg7 48. Re7+ Kh6 49. d7 Qh1+ 50. Ke2 Qxg2 51. d8=Q Qg4+ 52. Kd2 Qf4+ 53. R7e3
Qxf2+ 54. R3e2 Qf4+ 55. Qe3 g5 56. Qxf4 gxf4 57. Qg5# {Black checkmated} 1-0

[Event "Team 45 45 League T58"]
[Site "Internet Chess Club"]
[Date "2013.09.13"]
[Round "3"]
[White "tornado100"]
[Black "akshayk06"]
[Result "1-0"]
[WhiteElo "1433"]
[BlackElo "1503"]
[Opening "Sicilian: Sozin, not Scheveningen"]
[ECO "B57"]
[Time "20:30:37"]
[TimeControl "2700+45"]

1. e4 c5 2. Nf3 d6 3. d4 cxd4 4. Nxd4 Nf6 5. Nc3 Nc6 6. Bc4 Bg4 7. f3 Bd7 8. Be3
e5 9. Ndb5 a6 10. Nxd6+ Bxd6 11. Qxd6 Qe7 12. Qxe7+ Nxe7 13. O-O O-O 14. Bc5
Rfe8 15. Bxe7 Rxe7 16. Rad1 Rc8 17. Bb3 b5 18. Rc1 Be6 19. Bxe6 Rxe6 20. Rfd1 h6
21. a3 Rec6 22. Rd2 Nh5 23. Rcd1 a5 24. Nd5 Kf8 25. c3 Rd8 26. Ne3 Rxd2 27. Rxd2
Nf6 28. Nf5 g6 29. Rd8+ Ne8 30. Nxh6 Ke7 31. Rd5 {Black resigns} 1-0

[Event "Team 45 45 League T58"]
[Site "Internet Chess Club"]
[Date "2013.09.08"]
[Round "3"]
[White "Conjurer"]
[Black "Bizzy-Ketty"]
[Result "0-1"]
[WhiteElo "1425"]
[BlackElo "1463"]
[Opening "Queen's bishop game"]
[ECO "D00"]
[Time "17:29:55"]
[TimeControl "2700+45"]

1. d4 d5 2. Bf4 Nf6 3. Nf3 Bf5 4. e3 e6 5. Bd3 Bg6 6. O-O c5 7. Ne5 Bxd3 8. Nxd3
Qb6 9. c3 Nc6 10. Nd2 Be7 11. Nb3 c4 12. Ne5 cxb3 13. Qxb3 Qxb3 14. axb3 Nxe5
15. Bxe5 a6 16. c4 Rc8 17. c5 Rg8 18. f4 Ne4 19. f5 Nd2 20. Rf2 Nxb3 21. Raf1 f6
22. Bg3 exf5 23. Rxf5 Rd8 24. Bc7 Rd7 25. Bb6 g6 26. R5f2 f5 27. Rc2 Bg5 28. Rc3
Nd2 29. Rd1 Ne4 30. Ra3 Bxe3+ 31. Rxe3 Re7 32. Ba5 f4 33. Rb3 h5 34. c6 bxc6 35.
Rb8+ Kf7 36. Rb6 Re6 37. Rb7+ Kf6 38. Bc7 g5 39. Be5+ Kf5 40. h3 g4 41. h4 f3
42. g3 Rf8 43. Rh7 Kg6 44. Rg7+ Kh6 45. Rf1 Rxe5 46. dxe5 Kxg7 47. e6 f2+ 48.
Kg2 Nd2 49. Rxf2 Rxf2+ 50. Kxf2 Kf6 51. Ke3 Ne4 {White resigns} 0-1

[Event "Team 45 45 League T58"]
[Site "Internet Chess Club"]
[Date "2013.09.08"]
[Round "3"]
[White "zap2"]
[Black "mhavgar"]
[Result "1/2-1/2"]
[WhiteElo "1777"]
[BlackElo "1727"]
[Opening "Benko's opening"]
[ECO "A00"]
[Time "12:01:50"]
[TimeControl "2700+45"]

1. g3 d5 2. Bg2 Nf6 3. Nf3 c6 4. d3 Bg4 5. h3 Bh5 6. Nbd2 Nbd7 7. O-O e5 8. e4
Bc5 9. Re1 Qb6 10. Qe2 dxe4 11. dxe4 O-O 12. Nb3 Nxe4 13. Nxc5 Nexc5 {Game drawn
by mutual agreement} 1/2-1/2

[Event "Team 45 45 League T58"]
[Site "Internet Chess Club"]
[Date "2013.09.08"]
[Round "3"]
[White "burnsy"]
[Black "knightstormala"]
[Result "0-1"]
[WhiteElo "1492"]
[BlackElo "1754"]
[Opening "King's Indian: Smyslov system"]
[ECO "E61"]
[Time "21:03:21"]
[TimeControl "2700+45"]

1. Nf3 Nf6 2. d4 g6 3. c4 Bg7 4. Nc3 d6 5. Bg5 O-O 6. e3 h6 7. Bh4 Nbd7 8. Qc2
c6 9. Bd3 Qe8 10. Bxf6 Nxf6 11. h4 h5 12. Ng5 Nh7 13. f3 Nxg5 14. hxg5 e5 15.
dxe5 Qxe5 16. Be4 Qg3+ 17. Qf2 Qxg5 18. O-O-O Qa5 19. Rxd6 Bxc3 20. bxc3 Qa3+
21. Kb1 Qxd6 22. g4 Kg7 23. gxh5 Rh8 24. Qg2 Qf6 25. Qc2 Bf5 {White resigns} 0-1

[Event "Team 45 45 League T58"]
[Site "Internet Chess Club"]
[Date "2013.09.07"]
[Round "3"]
[White "monkhammer"]
[Black "rayfincle"]
[Result "1-0"]
[WhiteElo "1659"]
[BlackElo "1466"]
[Opening "French: Albin-Alekhine-Châtard attack"]
[ECO "C13"]
[Time "10:08:09"]
[TimeControl "2700+45"]

1. e4 e6 2. d4 d5 3. Nc3 Nf6 4. Bg5 Be7 5. e5 Nfd7 6. h4 h6 7. Bxe7 Qxe7 8. Qg4
O-O 9. O-O-O c5 10. f4 f6 11. Nf3 fxe5 12. Nxe5 Nf6 13. Qf3 Qd6 14. g4 cxd4 15.
Nb5 Qc5 16. g5 hxg5 17. hxg5 Nfd7 18. Qh5 Nxe5 19. fxe5 Rxf1 20. Rdxf1 Qxb5 21.
Qh8# {Black checkmated} 1-0

[Event "Team 45 45 League T58"]
[Site "Internet Chess Club"]
[Date "2013.09.06"]
[Round "3"]
[White "Berke"]
[Black "tamky70"]
[Result "0-1"]
[WhiteElo "1562"]
[BlackElo "1413"]
[Opening "Alekhine's defense"]
[ECO "B02"]
[Time "11:05:43"]
[TimeControl "2700+45"]

1. e4 Nf6 2. e5 Nd5 3. Bc4 Nb6 4. Bb3 d6 5. Nf3 Bg4 6. Bxf7+ Kxf7 7. Ng5+ Kg8 8.
Qxg4 Qd7 9. e6 Qe8 10. h4 Nc6 11. h5 Ne5 12. Qf4 h6 13. Nf7 Nxf7 14. exf7+ Qxf7
15. Qxf7+ Kxf7 16. b3 Nd7 17. d4 Nf6 18. c4 Re8 19. Be3 e5 20. dxe5 Rxe5 21. Nd2
Ng4 22. Ke2 Nxe3 23. fxe3 Be7 24. Nf3 Re6 25. Kd3 Re8 26. Nd4 Rf6 27. Raf1 Rxf1
28. Rxf1+ Kg8 29. Nf5 Bf6 30. e4 Kf7 31. a4 Re5 32. g4 Kg8 33. Ne3 c6 34. Nf5 d5
35. cxd5 cxd5 36. exd5 Rxd5+ 37. Kc4 Re5 38. Rf4 b6 39. Nd6 Rc5+ 40. Kb4 Be5 41.
Rc4 Bxd6 42. Rxc5 Bxc5+ 43. Kc4 {White resigns} 0-1

[Event "Team 45 45 League T58"]
[Site "Internet Chess Club"]
[Date "2013.09.09"]
[Round "3"]
[White "ScotchYeti"]
[Black "RedAttack"]
[Result "1/2-1/2"]
[WhiteElo "1667"]
[BlackElo "1836"]
[Opening "Ruy Lopez: old Steinitz defense"]
[ECO "C62"]
[Time "16:00:35"]
[TimeControl "2700+45"]

1. e4 e5 2. Nf3 Nc6 3. Bb5 d6 4. d4 exd4 5. Nxd4 Bd7 6. Nc3 Be7 7. O-O Nxd4 8.
Qxd4 Bf6 9. Bxd7+ Qxd7 10. Qe3 Ne7 11. Nd5 Nxd5 12. exd5+ Qe7 13. Re1 Qxe3 14.
Rxe3+ Kd7 15. Rb1 Rae8 16. Rxe8 Rxe8 17. Be3 Re4 18. c3 a6 19. g3 c5 20. dxc6+
bxc6 21. Rd1 Ke6 22. Rd3 d5 23. Kg2 g6 24. h3 a5 25. a3 a4 26. f3 Rc4 27. Rd2
Bxc3 28. bxc3 Rxc3 29. Re2 Kd7 30. Kf2 Rxa3 31. Bc5 Rc3 32. Bf8 c5 33. Ra2 Rc4
34. Bxc5 Rxc5 35. Rxa4 Kd6 36. f4 h6 37. Ra6+ Rc6 38. Ra5 f6 39. Ke3 g5 40. fxg5
fxg5 41. Kd4 Rc4+ 42. Kd3 h5 43. Rb5 Ke5 44. Rb8 Ra4 45. Rb3 h4 46. gxh4 Rxh4
47. Ke2 Ke4 48. Re3+ Kf5 49. Ra3 d4 50. Rg3 Kf4 51. Rf3+ Ke4 52. Rg3 Rh5 53.
Rg4+ Kd5 54. Rg3 Kc4 55. Kd2 Rh6 56. Rxg5 Rxh3 57. Rg6 Rh2+ 58. Kc1 d3 59. Rg7
Kc3 60. Rc7+ Kd4 61. Rc8 Rh5 62. Rc7 Rh1+ 63. Kd2 Rh2+ 64. Kc1 {Game drawn by
mutual agreement} 1/2-1/2

[Event "Team 45 45 League T58"]
[Site "Internet Chess Club"]
[Date "2013.09.08"]
[Round "3"]
[White "OneDirection"]
[Black "cBishop"]
[Result "1/2-1/2"]
[WhiteElo "1497"]
[BlackElo "1690"]
[Opening "Sicilian: Najdorf, 6...e6"]
[ECO "B95"]
[Time "12:00:31"]
[TimeControl "2700+45"]

1. e4 c5 2. Nf3 d6 3. d4 cxd4 4. Nxd4 a6 5. Nc3 Nf6 6. Bg5 e6 7. a3 Nbd7 8. Bc4
b5 9. Ba2 Qb6 10. O-O Bb7 11. Be3 Qc7 12. f3 Rc8 13. Qd2 Ne5 14. Bg5 Nc4 15.
Bxc4 Qxc4 16. Nb3 Qc7 17. Rfd1 Be7 18. Bxf6 gxf6 19. Kh1 O-O 20. Qh6 Kh8 21. Qh5
Qb6 22. Rd3 Qf2 23. Rd2 Qe3 24. Re2 Qg5 25. Qxg5 fxg5 26. e5 dxe5 27. Rxe5 Bf6
28. Rc5 Bxc3 29. bxc3 Bd5 30. Rc1 Kg7 31. Kg1 Kf6 32. Kf2 Ke7 33. Ke3 Kd6 34.
Rxc8 Rxc8 35. Kd3 e5 36. Re1 f5 37. Nd2 h5 38. Nb1 Rc4 39. Nd2 Rc8 40. Ra1 g4
41. a4 e4+ 42. fxe4 fxe4+ 43. Nxe4+ Bxe4+ 44. Kxe4 Rxc3 45. axb5 axb5 46. Rd1+
Ke6 47. Rd2 Rc4+ 48. Ke3 Ke5 49. Rf2 Rc3+ 50. Kd2 Ra3 51. Re2+ Kd4 52. Rf2 Ke4
53. Rf8 h4 54. Rh8 h3 55. Re8+ Kd5 56. g3 Rf3 57. Re3 Rf2+ 58. Re2 Rg2 59. Kd3
Rxe2 60. Kxe2 Kd4 61. Kd2 b4 62. Kc1 Ke3 63. Kd1 Kf2 64. Kd2 Kf3 65. Kd3 Kg2 66.
Ke2 Kg1 67. Ke1 Kxh2 68. Kf2 Kh1 69. Kf1 Kh2 70. Kf2 Kh1 71. Kf1 Kh2 72. Kf2 Kh1
73. Kf1 Kh2 74. Kf2 Kh1 75. Kf1 {Game drawn by repetition} 1/2-1/2

[Event "Team 45 45 League T58"]
[Site "Internet Chess Club"]
[Date "2013.09.08"]
[Round "3"]
[White "cepheid"]
[Black "pereelcoix"]
[Result "1-0"]
[WhiteElo "1621"]
[BlackElo "1590"]
[Opening "Scotch gambit: Dubois-Réti defense"]
[ECO "C55"]
[Time "10:00:30"]
[TimeControl "2700+45"]

1. e4 e5 2. Nf3 Nc6 3. d4 exd4 4. Bc4 Nf6 5. e5 d5 6. Bb5 Ne4 7. Nxd4 Bd7 8.
Bxc6 bxc6 9. O-O Bc5 10. Be3 Qe7 11. f3 Nd6 12. Bf2 Nc8 13. f4 Rb8 14. Nb3 Bxf2+
15. Rxf2 Kd8 16. Qd4 Bf5 17. Nc5 Qh4 18. Nd2 Ne7 19. Nf3 Qg4 20. Ng5 Ke8 21. e6
Bxe6 22. Ngxe6 fxe6 23. Re1 Nf5 24. Qe5 Ne7 25. Nxe6 Kf7 26. Ng5+ Kg8 27. Qxe7
Qf5 28. Qe8+ Rxe8 29. Rxe8+ Qf8 30. Rxf8+ Kxf8 31. Re2 h6 32. Ne6+ Kf7 33. Nxc7
Rc8 34. Na6 c5 35. Re5 Rc6 36. Nb8 Rc8 37. Nd7 Rc7 38. Rxd5 Ke6 39. Rd3 Rxd7 40.
Rxd7 Kxd7 41. Kf2 Ke6 42. Ke3 h5 43. Ke4 g6 44. h3 a6 45. g4 hxg4 46. hxg4 c4
47. f5+ gxf5+ 48. gxf5+ Kf6 49. Kd4 Kxf5 50. Kxc4 {Black resigns} 1-0

[Event "Team 45 45 League T58"]
[Site "Internet Chess Club"]
[Date "2013.09.09"]
[Round "3"]
[White "Andressa"]
[Black "TwinsburgOHUSA"]
[Result "1/2-1/2"]
[WhiteElo "1470"]
[BlackElo "1420"]
[Opening "Caro-Kann defense"]
[ECO "B10"]
[Time "19:13:05"]
[TimeControl "2700+45"]

1. e4 c6 2. Nf3 d5 3. exd5 cxd5 4. Bb5+ Nc6 5. d4 Nf6 6. Nc3 g6 7. Bf4 Bg7 8.
Ne5 Bd7 9. Nxd7 Qxd7 10. O-O O-O 11. Re1 a6 12. Bxc6 bxc6 13. Qd3 Rfe8 14. Na4
Qa7 15. Nc5 Nd7 16. Nxd7 Qxd7 17. c3 Qb7 18. Re2 Qb5 19. Qxb5 axb5 20. a3 e6 21.
Rae1 {Game drawn by mutual agreement} 1/2-1/2

[Event "Team 45 45 League T58"]
[Site "Internet Chess Club"]
[Date "2013.09.07"]
[Round "3"]
[White "sonoftill"]
[Black "MedRep"]
[Result "1-0"]
[WhiteElo "2206"]
[BlackElo "2060"]
[Opening "Queen's pawn: London system"]
[ECO "A45"]
[Time "13:10:40"]
[TimeControl "2700+45"]

1. d4 Nf6 2. Bf4 g6 3. e3 Bg7 4. Be2 O-O 5. Nf3 d6 6. O-O b6 7. h3 Bb7 8. c4 Ne4
9. Qc2 Nd7 10. Nc3 Nxc3 11. Qxc3 Qe8 12. Rad1 e5 13. Bh2 e4 14. Nd2 a5 15. Qc2
f5 16. a4 g5 17. Rfe1 Qg6 18. Nf1 g4 19. hxg4 fxg4 20. c5 dxc5 21. Bxc7 Rac8 22.
Qb3+ Kh8 23. Bg3 cxd4 24. exd4 Qg5 25. Qb5 Qxb5 26. Bxb5 Nf6 27. Ne3 h5 28. Bd6
Rf7 29. Be5 Nd5 30. Nc4 Rcf8 31. Bg3 Nf4 32. Nd6 Re7 33. Nxb7 {Black resigns}
1-0